 Dungeon Crawl Stone Soup version 0.31.0-32-g396128a36d (webtiles) character file.

Game seed: 15780157262191534523

27 BigDaddyOpFi the Shield-Bearer (level 3, -1/26 HPs)
             Began as an Octopode Fighter on Mar 12, 2024.
             Slain by Ijyb
             ... wielding a +4 dagger of protection
              (7 damage)
             ... on level 2 of the Dungeon.
             The game lasted 00:01:13 (792 turns).

BigDaddyOpFi the Shield-Bearer (Octopode Fighter)    Turns: 792, Time: 00:01:14

Health: -1/26      AC:  1    Str: 15    XL:     3   Next: 10%
Magic:  3/3        EV: 13    Int: 10    God:
Gold:   108        SH:  4    Dex: 13    Spells: 2/2 levels left

rFire   . .          .
                       - Unarmed
rCold   . . .        a - +0 buckler
rNeg    . . .        (helmet restricted)
rPois   .            (no amulet)
rElec   .            (no ring)
rCorr   .            (no ring)
SInv    .            (no ring)
Will    .....        (no ring)
Stlth   ++           (no ring)
HPRegen 0.24/turn    (no ring)
MPRegen 0.08/turn    (no ring)
                     (no ring)

%: no passive effects
@: mighty, brilliant
A: almost no armour, amphibious, 8 rings, camouflage 1, gelatinous body 1,
(nimble swimmer 1), tentacles
a: no special abilities


You were on level 2 of the Dungeon.
You visited 1 branch of the dungeon, and saw 2 of its levels.

You collected 108 gold pieces.

Inventory:

Missiles
 d - 2 throwing nets (quivered)
Armour
 a - a +0 buckler (worn)
Talismans
 e - a storm talisman
Scrolls
 c - a scroll of blinking {unknown}
 g - 2 scrolls of fog {unknown}
Potions
 f - a potion of curing
 h - a potion of brilliance
 i - a potion of heal wounds {unknown}


   Skills:
 + Level 3.2 Fighting
 + Level 3.2 Dodging
 + Level 3.2 Shields
 + Level 2.3 Unarmed Combat
 * Level 0.8 Shapeshifting


You had 2 spell levels left.
You didn't know any spells.
Your spell library contained the following spells:

 Spells                   Type           Power      Damage    Failure   Level
 Dazzling Flash           Conj/Hex       0%         N/A       83%         3
 Volatile Blastmotes      Fire/Tloc      0%         2d10      83%         3
 Summon Forest            Summ/Tloc      0%         N/A       100%        5
 Eringya's Noxious Bog    Alch           0%         4d6       100%        6
 Starburst                Conj/Fire      0%         6d3       100%        6
 Haunt                    Necr/Summ      0%         N/A       100%        7
 Summon Hydra             Summ           0%         N/A       100%        7
 Borgnjor's Revivificati  Necr           0%         N/A       100%        8
 Maxwell's Capacitive Co  Air            0%         ∞         100%        8
 Death's Door             Necr           0%         N/A       100%        9


Dungeon Overview and Level Annotations

Branches:
Dungeon (2/15)

Altars:

Shops:
D:1 (

Annotations:
D:2 Ijyb


Innate Abilities, Weirdness & Mutations

You cannot wear most types of armour.
You are amphibious.
You can wear up to eight rings at the same time.
Your skin changes colour to match your surroundings (Stealth+).
Your rubbery body absorbs attacks. (AC +1, EV +1)
((You are camouflaged when in or above water. (Stealth+)))
You have tentacles for arms and can constrict up to eight enemies at once.


Message History

A goblin is wielding a +1 dagger of venom.
There are monsters nearby!
There are monsters nearby!
There are monsters nearby! 4 goblins come into view.
The goblin shouts! x3
The goblin unwields a +0 dagger.
The goblin wields a +0 sling.
The goblin shoots a sling bullet.
The sling bullet hits you but does no damage.
Ijyb the Twisted Goblin comes into view.
She is wielding a +4 dagger of protection and carrying a wand of mindburst.
Ijyb shouts!
The goblin hits you but does no damage.
You tentacle-slap the goblin. You grab the goblin. You squeeze the goblin.
You kill the goblin!
Ijyb zaps a wand.
Your mind is blasted!
Ouch! That really hurt!
You tentacle-slap the goblin.
You kill the goblin!
Unknown command.
You feel very mighty all of a sudden.
It was a potion of curing.
You feel better.
You bludgeon the goblin!
You kill the goblin!
The goblin shoots a sling bullet.
You block the sling bullet.
Ijyb hits you with a +4 dagger of protection.
Things that are here:
a +1 dagger of venom; a goblin corpse You tentacle-slap Ijyb.
You grab Ijyb.
Ijyb is lightly wounded.
You constrict Ijyb, but do no damage.
Ijyb hits you with a +4 dagger of protection!
* * * LOW HITPOINT WARNING * * *
The goblin unwields a +0 sling.
The goblin wields a +0 dagger.
The goblin closely misses you.
You release your grip on Ijyb.
It was a potion of brilliance.
You feel clever all of a sudden.
Ijyb screams, "No!
No, no, no, no!"
Ijyb hits you with a +4 dagger of protection!
You die...

#### .># #.#
#.###############
#......#g.......#
#.####@ggg......#
#.# ####8.....8#
#.# #..$....# #.#
#8.....8# #.#
#.......# #.#
#8.....8# #.#
#.......# #.#
#8.....8# ####.##


You could see Ijyb and 3 goblins.

Vanquished Creatures
  A dart slug (D:1)
  A ribbon worm (D:2)
  2 ball pythons (D:2)
  3 endoplasms
  2 giant cockroaches (D:1)
  6 goblins
  A kobold (D:1)
  A quokka (D:1)
  A frilled lizard (D:1)
  A rat (D:1)
19 creatures vanquished.

Notes
Turn   | Place    | Note
-------+----------+-------------------------------------------
     0 | D:1      | BigDaddyOpFi the Octopode Fighter began the quest for the
                  | Orb.
     0 | D:1      | Reached XP level 1. HP: 16/16 MP: 1/1
   128 | D:1      | Found Saaxtow's Antique Weapon Shop.
   135 | D:1      | Reached XP level 2. HP: 15/21 MP: 2/2
   736 | D:2      | Reached XP level 3. HP: 24/26 MP: 3/3
   776 | D:2      | Noticed Ijyb
   792 | D:2      | Slain by Ijyb

Illustrated notes

Levels and vault maps discovered:
D:1:      denvon_arrival_hothouse, layout_rooms, serial_shops,
          nicolae_shop_waterfront
D:2:      kennysheep_the_goblin_king, layout_basic, hex_large, chequers_jeans

Action                     || total
---------------------------++-------
  Melee: Unarmed           ||    43
         Tentacles         ||    13
         Constrict         ||    11
         Punch             ||     1
    Use: Potion            ||     3
   Stab: Sleeping          ||     1
 Armour: Skin              ||    15
  Dodge: Dodged            ||    19
  Block: Buckler           ||     7
